 Dungeon Crawl Stone Soup version 0.18-a0-1323-g706dcef (webtiles) character file.

1894 George the Carver (level 8, -4/69 HPs)
             Began as a Minotaur Fighter on Feb 15, 2016.
             Was a Believer of the Shining One.
             Killed by divine providence
             ... invoked by an orc priest
              (11 damage)
             ... on level 6 of the Dungeon.
             The game lasted 00:10:09 (6322 turns).

George the Carver (Minotaur Fighter)                Turns: 6322, Time: 00:10:09

Health: -4/69      AC: 10    Str: 22    XL:     8   Next: 93%
Magic:  11/11      EV:  6    Int:  5    God:    the Shining One [**....]
Gold:   277        SH: 10    Dex: 11    Spells: 0 memorised, 7 levels left

rFire  . . .     SeeInvis .     a - +0 long sword
rCold  . . .     Gourm    .     A - +0 chain mail
rNeg   + . .     Faith    .     c - +0 shield
rPois  .         Spirit   .     (helmet restricted)
rElec  .         Dismiss  .     (no cloak)
rCorr  +         Reflect  .     (no gloves)
SustAt .         Harm     .     (no boots)
MR     .....                    (no amulet)
Stlth  ..........               (no ring)
                                y - ring of resist corrosion

@: glowing, not resistant to hostile enchantments, extremely unstealthy
A: retaliatory headbutt, horns 2
a: Divine Shield, Renounce Religion


You were on level 6 of the Dungeon.
You worshipped the Shining One.
The Shining One was pleased with you.
You were not hungry.

You visited 2 branches of the dungeon, and saw 8 of its levels.

You collected 277 gold pieces.

Inventory:

Hand Weapons
 a - a +0 long sword (weapon)
Armour
 c - a +0 shield (worn)
 A - a +0 chain mail (worn)
Jewellery
 y - a ring of resist corrosion (left hand)
Wands
 I - a wand of confusion (10/48)
 J - a wand of iceblast (6/15)
 M - a wand of digging (15/24)
Scrolls
 g - 2 scrolls of remove curse
 j - a scroll of enchant weapon {unknown}
 q - 3 scrolls of teleportation
 u - 2 scrolls of immolation {unknown}
 v - 2 scrolls of fear {unknown}
 x - a scroll of amnesia {unknown}
 B - a scroll of noise {unknown}
 F - a scroll of magic mapping {unknown}
 G - 2 scrolls of recharging {unknown}
 K - a scroll of random uselessness {unknown}
 L - a scroll of blinking {unknown}
Potions
 d - 2 potions of might
 k - 2 potions of curing
 m - a potion of agility
 t - 2 potions of cure mutation
 z - a potion of resistance
 E - a potion of berserk rage {unknown}
Comestibles
 f - 5 bread rations
 h - 3 fruits
 i - 5 beef jerkies
 n - a royal jelly
 p - 3 meat rations


   Skills:
 + Level 5.6 Fighting
 + Level 9.1 Long Blades
 + Level 5.5 Armour
 + Level 5.7 Shields
 + Level 6.2 Invocations


You had 7 spell levels left.
You didn't know any spells.

Dungeon Overview and Level Annotations

Branches:
Dungeon (7/15)             Temple (1/1) D:4

Altars:
Ashenzari
Cheibriados
Dithmenos
Elyvilon
Fedhas
Gozag
Kikubaaqudgha
Okawaru
Pakellas
Qazlal
Ru
Sif Muna
Trog
Vehumet
Yredelemnul
Zin
The Shining One

Shops:
D:5 *

Annotations:
D:5 exclusion: statue


Innate Abilities, Weirdness & Mutations

You reflexively headbutt those who attack you in melee.
You have a pair of horns on your head.


Message History

The hobgoblin shouts!
You hear a shout!
You are too injured to fight recklessly!
You are too injured to fight recklessly!
You are too injured to fight recklessly!
The gnoll hits you from afar with a halberd.
* * * LOW HITPOINT WARNING * * *
The gnoll hits you from afar with a spear.
* * * LOW HITPOINT WARNING * * *
The gnoll barely misses you.
You see here 23 stones.
There is an open gate here.
The gnoll hits you but does no damage.
The gnoll hits the plant but does no damage.
The orc priest hits the plant but does no damage.
The orc priest invokes the aid of Beogh against you.
Something smites you!
* * * LOW HITPOINT WARNING * * *
The orc priest calls down the wrath of Beogh upon you.
Something smites you!
You die...

...# #...#########....###
P.##..........##....#
♣.P.#....###'##....#
♣.♣.#.........#....# ####
#♣PP...#.#.........#
....g#♣♣....#.#.....########
.[.gK#......#.#.....#####...
g..hg#......#.#<............
K.!oK#♣...#@#...............
..O. ♣PP...####...........#
..g #♣♣....# ####........( ..
#.PP.g.# ###.......(. ##
#♣.....### #........#.. #..
♣PP.g#...# +........#.. #$...
♣♣...###.# #........#..
#....#♣PP.o.##.#.#........#..
+$..o#....K###.#.#........#..


You could see an orc priest, 4 gnolls and a kobold.

Vanquished Creatures
  Sigmund (D:4)
  The ghost of Ymberto the Firebug, an amateur HuFE (D:3)
  2 sky beasts
  2 ogres (D:5)
  3 centaurs
  A big kobold (D:7)
  2 scorpions (D:4)
  A crimson imp (D:6)
  A giant frog zombie (D:5)
  3 hounds
  6 orc wizards
  5 orc priests
  A centaur skeleton (D:5)
  A giant frog skeleton (D:7)
  A jelly (D:6)
  5 worker ants
  7 adders
  A shadow imp (D:5)
  An adder zombie (D:7)
  2 worms (D:1)
  3 giant geckos
  23 orcs
  9 bats
  3 giant cockroaches
  9 hobgoblins
  5 jackals
  10 kobolds
  A quokka (D:4)
  2 ball pythons
  A giant gecko skeleton (D:4)
  2 giant newts
  8 goblins
  A jackal zombie (D:5)
  8 rats
132 creatures vanquished.

Notes
Turn   | Place    | Note
--------------------------------------------------------------
     0 | D:1      | George the Minotaur Fighter began the quest for the Orb.
     0 | D:1      | Reached XP level 1. HP: 19/19 MP: 0/0
   589 | D:1      | Reached XP level 2. HP: 26/26 MP: 1/1
  1072 | D:1      | Reached skill level 4 in Long Blades
  1266 | D:2      | Reached XP level 3. HP: 26/31 MP: 2/2
  1402 | D:2      | Found a bloodstained altar of Trog.
  1591 | D:2      | Found a glowing golden altar of the Shining One.
  1710 | D:2      | Became a worshipper of the Shining One
  1737 | D:3      | Reached skill level 5 in Long Blades
  1802 | D:3      | Reached XP level 4. HP: 39/39 MP: 3/3
  1809 | D:3      | Found a bloodstained altar of Trog.
  1847 | D:3      | Reached skill level 1 in Invocations
  1915 | D:3      | Reached XP level 5. HP: 25/45 MP: 5/5
  2264 | D:3      | Noticed Ymberto's ghost (amateur HuFE)
  2291 | D:3      | Killed Ymberto's ghost
  2291 | D:3      | Reached skill level 6 in Long Blades
  2291 | D:3      | Reached XP level 6. HP: 45/51 MP: 5/7
  2620 | D:4      | Noticed Sigmund
  2867 | D:4      | Reached skill level 7 in Long Blades
  3218 | D:4      | Found a staircase to the Ecumenical Temple.
  3226 | Temple   | Entered the Ecumenical Temple
  3494 | D:4      | Reached XP level 7. HP: 14/57 MP: 9/9
  4012 | D:4      | Killed Sigmund
  4012 | D:4      | Reached skill level 5 in Invocations
  4168 | D:5      | Entered Level 5 of the Dungeon
  4287 | D:5      | Reached skill level 8 in Long Blades
  4373 | D:5      | Found a radiant altar of Vehumet.
  4375 | D:5      | Reached * piety under the Shining One
  4615 | D:5      | Reached XP level 8. HP: 43/66 MP: 9/11
  4772 | D:5      | Found Celluse's Commerce Corner.
  5574 | D:6      | Reached skill level 5 in Fighting
  5574 | D:6      | Reached skill level 5 in Shields
  5575 | D:6      | Found a shadowy altar of Dithmenos.
  5648 | D:6      | Reached skill level 5 in Armour
  5928 | D:6      | You fall through a shaft!
  5952 | D:7      | Reached ** piety under the Shining One
  5974 | D:7      | Reached skill level 9 in Long Blades
  6240 | D:6      | Found a blossoming altar of Fedhas.
  6322 | D:6      | Killed from afar by an orc priest

Vault maps used:
D:1:      lightli_arrival_chessboard, st_stairs_1, roderic_lattice_a,
          serial_bayou_pond_b, hangedman_decor_points, serial_bayou_ford_a
D:2:      tso_metal_star, trog_three_pillars_becter
D:3:      nicolae_overflow_hidden_temple, first_bread
D:4:      uniq_sigmund
D:5:      vehumet_statue, nicolae_alphabet_shops
D:6:      kennysheep_housing_project, kennysheep_little_box,
          nicolae_dithmenos_through_a_glass_darkly, kennysheep_generic_room_11
D:7:      serial_bayou_pond_b, grunt_ogre_cave
Temple:   circular_temple_12

Action                   |  1- 3 |  4- 6 |  7- 9 || total
-------------------------+-------+-------+-------++-------
Melee: Long sword        |    89 |   119 |   192 ||   400
  Use: Scroll            |       |       |     7 ||     7
  Eat: Chunk             |     3 |     5 |     9 ||    17
